 Dungeon Crawl Stone Soup version 0.26-a0-6-g448add79b7 (webtiles) character file.

Game seed: 1910665186721072022, levelgen mode: deterministic

433581 Chiseanne the Tortoise (level 22, -2/127 HPs)
             Began as a Demonspawn Wanderer on May 19, 2020.
             Was an Elder of Okawaru.
             Slain by a +1 long sword of holy wrath (3 damage)
             ... on level 5 of the Abyss on May 24, 2020.
             The game lasted 04:17:50 (57233 turns).

Chiseanne the Tortoise (Demonspawn Wanderer)       Turns: 57233, Time: 04:17:50

Health: -2/127     AC: 44    Str: 13    XL:     22   Next: 88%
Magic:  0/28       EV: 10    Int: 15    God:    Okawaru [****..]
Gold:   6232       SH: 19    Dex: 18    Spells: 8/41 levels left

rFire    + + +     SeeInvis .   s - +8 broad axe (elec)
rCold    + . .     Gourm    .   A - +3 kite shield {AC+3} {god gift}
rNeg     + . .     Faith    .   E - +0 gold dragon scales
rPois    +         Spirit   +   B - +1 helmet
rElec    .         Reflect  .   K - +2 cloak {rCorr} {god gift}
rCorr    +         Harm     .   v - +2 pair of gloves
MR       ++...     Rnd*Rage +   (boots unavailable)
Stlth    ..........             c - amulet of magic regeneration
HPRegen  0.00/turn              D - ring "Lezisur" {rN+ Int+3 Dex+2}
MPRegen  0.67/turn              m - ring "Ladghuph" {rF+ rCorr Dex+2}

@: mighty, heroism, sanguine armour, very slightly contaminated, studying Axes,
lightly drained
A: hooves 3, [berserk 2], [blurry vision 3], [clumsy 1], [deformed body],
[deterioration 2], [dopey 2], fire resistance 1, [frail 3], [low mp 2], magic
resistance 1, powered by pain 2, inhibited regeneration, [weak 2], magic shield,
magic regeneration, magic link, sanguine armour 3
}: 2/15 runes: decaying, gossamer
a: Heroism, Renounce Religion


You were on level 5 of the Abyss.
You worshipped Okawaru.
Okawaru was greatly pleased with you.
You were not hungry.

You visited 7 branches of the dungeon, and saw 40 of its levels.
You visited the Abyss 2 times.
You also visited: Bailey and Gauntlet.

You collected 6327 gold pieces.
You spent 95 gold pieces at shops.

Inventory:

Hand Weapons
 a - the +8 trident of the Octopus King {venom, rElec rPois MR+}
   (You took it off a death knight on level 11 of the Dungeon)

   It poisons the flesh of those it strikes.
   It insulates you from electricity.
   It protects you from poison.
   It affects your resistance to hostile enchantments.
 q - a +3 broad axe
 s - a +8 broad axe of electrocution (weapon)
 H - a +6 quick blade
Missiles
 p - 33 javelins (quivered)
 z - 104 boomerangs
 O - 4 silver boomerangs {god gift}
 Q - 18 silver javelins
 U - 11 curare-tipped darts
Armour
 b - +0 storm dragon scales
 h - +2 fire dragon scales
 v - a +2 pair of gloves (worn)
 A - a +3 kite shield of protection (worn) {god gift}
 B - a +1 helmet (worn)
 E - +0 gold dragon scales (worn)
 I - the +1 chain mail "Wutis" {rCorr Str+8 Dex-2}
   (You found it on level 9 of the Dungeon)

   It affects your strength (+8).
   It affects your dexterity (-2).
   It provides partial protection from all sources of acid and corrosion.
 K - a +2 cloak of preservation (worn) {god gift}
 P - the +4 faerie dragon scales {rCorr Int+3 SInv}
   (You took it off the Enchantress on level 5 of the Depths)

   It affects your intelligence (+3).
   It lets you see invisible.
   It provides partial protection from all sources of acid and corrosion.
Jewellery
 c - an amulet of magic regeneration (around neck)
 j - an uncursed ring of see invisible
 k - an uncursed amulet of the acrobat
 m - the ring "Ladghuph" (right hand) {rF+ rCorr Dex+2}
   (You took it off a minotaur in a Gauntlet)

   [ring of resist corrosion]

   It affects your dexterity (+2).
   It protects you from fire.
   It provides partial protection from all sources of acid and corrosion.
 u - the ring "Xoitych" {Ice +Inv Slay+3}
   (You found it on level 3 of the Vaults)

   [ring of ice]

   It enhances your ice magic.
   It affects your accuracy and damage with ranged weapons and melee attacks
   (+3).
   It makes you vulnerable to fire.
   It protects you from cold.
   It lets you turn invisible.
 D - the ring "Lezisur" (left hand) {rN+ Int+3 Dex+2}
   (You found it on level 3 of the Spider Nest)

   [ring of positive energy]

   It affects your intelligence (+3).
   It affects your dexterity (+2).
   It protects you from negative energy.
 F - an uncursed amulet of regeneration
 T - an uncursed ring of flight
Wands
 t - a wand of paralysis (18)
 w - a wand of iceblast (6)
 C - a wand of polymorph (12)
 G - a wand of digging (12)
 R - a wand of disintegration (22)
 S - a wand of flame (73)
Scrolls
 e - 9 scrolls of remove curse
 l - 6 scrolls of identify
 o - a scroll of amnesia
 r - 3 scrolls of fog
Potions
 i - a potion of cancellation
 x - a potion of curing
 N - 2 potions of flight
 V - a potion of mutation
Books
 g - a manual of Axes
Miscellaneous
 d - a lightning rod (4/4)
 y - a phantom mirror
 M - a phial of floods
Comestibles
 f - 53 rations


   Skills:
 - Level 17.2(22.1) Fighting
   Level 1.7(6.6) Maces & Flails
   Level 1.0(5.8) Bows
 - Level 8.6(13.4) Throwing
 + Level 18.2(23.1) Armour
 - Level 13.5(18.3) Dodging
 - Level 1.0(5.8) Stealth
 - Level 16.2(21.0) Shields
 - Level 10.0(9.9) Spellcasting
 - Level 6.3(6.2) Conjurations
 - Level 8.6(8.5) Charms
 - Level 6.3(6.2) Summonings
 - Level 10.8(10.6) Translocations
 - Level 13.2(13.0) Invocations
 - Level 9.4(9.2) Evocations


You had 8 spell levels left.
You knew the following spells:

 Your Spells              Type           Power        Failure   Level  Hunger
a - Apportation           Tloc           #####.       9%          1    None
b - Blink                 Tloc           N/A          12%         2    None
c - Lesser Beckoning      Tloc           #####.....   24%         3    #......
d - Shroud of Golubria    Chrm/Tloc      #####.       19%         2    None
e - Passage of Golubria   Tloc           N/A          63%         4    ###....
f - Spellforged Servitor  Conj/Summ      ####......   100%        7    #######
g - Controlled Blink      Tloc           N/A          100%        8    #######
h - Summon Butterflies    Summ           ####....     45%         1    None
i - Summon Forest         Summ/Tloc      ####......   99%         5    #####..

Your spell library contained the following spells:

 Spells                   Type           Power        Failure   Level  Hunger
 Gell's Gravitas          Tloc           #####.....   24%         3    #......
 Teleport Other           Tloc           #####...     24%         3    #......
 Summon Small Mammal      Summ           ####         45%         1    None
 Swiftness                Chrm/Air       ###.....     86%         2    None
 Foxfire                  Conj/Fire      ###.         87%         1    None
 Shock                    Conj/Air       ###.         87%         1    None
 Iskenderun's Mystic Bla  Conj/Tloc      ####....     89%         4    ###....
 Portal Projectile        Hex/Tloc       ###...       91%         3    #......
 Ozocubu's Armour         Chrm/Ice       ###.....     98%         3    #......
 Static Discharge         Conj/Air       ###.....     99%         3    #......
 Animate Skeleton         Necr           N/A          100%        1    None
 Beastly Appendage        Tmut           #.....       100%        1    None
 Corona                   Hex            #......      100%        1    None
 Freeze                   Ice            #...         100%        1    None
 Pain                     Necr           #...         100%        1    None
 Poisonous Vapours        Pois/Air       #.....       100%        2    None
 Slow                     Hex            #.......     100%        2    None
 Sticks to Snakes         Tmut           #.......     100%        2    None
 Frozen Ramparts          Ice            #.....       100%        3    #......
 Ignite Poison            Fire/Tmut/Pois #.......     100%        3    #......
 Inner Flame              Hex/Fire       #.......     100%        3    #......
 Spider Form              Tmut/Pois      #.........   100%        3    #......
 Airstrike                Air            #.........   100%        4    ###....
 Cause Fear               Hex            #.........   100%        4    ###....
 Fulminant Prism          Conj/Hex       ###.......   100%        4    ###....
 Hailstorm                Conj/Ice       ###.....     100%        4    ###....
 Ice Form                 Ice/Tmut       #.......     100%        4    ###....
 Leda's Liquefaction      Hex/Erth       #.........   100%        4    ###....
 Petrify                  Tmut/Erth      #.......     100%        4    ###....
 Summon Ice Beast         Ice/Summ       ###.....     100%        4    ###....
 Aura of Abjuration       Summ           ####......   100%        5    #####..
 Blade Hands              Tmut           #.........   100%        5    #####..
 Bolt of Magma            Conj/Fire/Erth ##........   100%        5    #####..
 Fireball                 Conj/Fire      ###.......   100%        5    #####..
 Irradiate                Conj/Tmut      ###.......   100%        5    #####..
 Iskenderun's Battlesphe  Conj/Chrm      ####....     100%        5    #####..
 Lightning Bolt           Conj/Air       ###.......   100%        5    #####..
 Conjure Ball Lightning   Conj/Air       ###.......   100%        6    ######.
 Freezing Cloud           Conj/Ice/Air   ##........   100%        6    ######.
 Hydra Form               Tmut           #.........   100%        6    ######.
 Invisibility             Hex            #.......     100%        6    ######.
 Iron Shot                Conj/Erth      ###.......   100%        6    ######.
 Starburst                Conj/Fire      ###.......   100%        6    ######.
 Statue Form              Tmut/Erth      #........    100%        6    ######.
 Dragon Form              Tmut           #.........   100%        7    #######
 Malign Gateway           Summ/Tloc      ####......   100%        7    #######
 Orb of Destruction       Conj           ####......   100%        7    #######
 Ring of Flames           Chrm/Fire      ###.......   100%        7    #######
 Chain Lightning          Conj/Air       ###.......   100%        8    #######
 Ignition                 Fire           #.........   100%        8    #######
 Lehudib's Crystal Spear  Conj/Erth      ###.......   100%        8    #######
 Absolute Zero            Ice            #.........   100%        9    #######
 Fire Storm               Conj/Fire      ###.......   100%        9    #######
 Shatter                  Erth           #.........   100%        9    #######
 Tornado                  Air            #.........   100%        9    #######


Dungeon Overview and Level Annotations

Branches:
Dungeon (15/15)            Temple (0/1) D:6            Lair (6/6) D:10
  Swamp (4/4) Lair:4       Spider (4/4) Lair:2        Slime (0/5) Lair:5
    Orc (2/2) D:10            Elf (0/3) Orc:2        Vaults (4/5) D:14
  Crypt (0/3) Vaults:3     Depths (5/5) D:15            Zot (0/5) Depths:5
 Bailey (visited)         Gauntlet (visited)

Altars:
Ashenzari
Cheibriados
Dithmenos
Gozag
Kikubaaqudgha
Nemelex Xobeh
Okawaru
Ru
Sif Muna
Uskayaw
Vehumet
Wu Jian
Xom
Yredelemnul
Zin
The Shining One
Beogh
Jiyva
Lugonu

Shops:
D:10 (   D:11 (   Orc:1 *   Orc:2 [%::   Vaults:1 [   Depths:1 *

Portals:
Hell: Depths:1 Depths:2 Depths:3 Depths:4 Depths:5
Abyss: Depths:1 Depths:3 Depths:4
Pandemonium: Depths:2 Depths:3
Ziggurat: Depths:2

Annotations:
Lair:3 exclusion: 4 oklob plants
Swamp:3 exclusions: downstairs and upstairs
Swamp:4 Roxanne
Depths:2 3 runed translucent doors, Acwon's ghost, legendary TrMo


Innate Abilities, Weirdness & Mutations

You have hooves in place of feet.
Your flesh is heat resistant. (rF+)
You sometimes gain power by taking damage.
When hurt, damage is shared between your health and your magic reserves.
You regenerate magic rapidly.
When low on magic, you restore magic in place of health.
When seriously injured, your bleeding wounds create very thick armour. (AC +12)
You are resistant to hostile enchantments. (MR+)
You do not regenerate when monsters are visible.
[You often lose your temper in combat.]
[Scrolls take you much longer to read.]
[You are clumsy. (Dex -2)]
[Armour fits poorly on your strangely shaped body.]
[Your body often deteriorates upon taking damage.]
[You are very dopey. (Int -4)]
[You are extremely frail. (-30% HP)]
[Your magical capacity is very low. (-20% MP)]
[You are very weak. (Str -4)]


Message History

* * * LOW HITPOINT WARNING * * *
Okay, then.
Casting: Lesser Beckoning (dangerous; 54% risk of failure)
Confirm with . or Enter, or press ? or * to list all spells.
You miscast Shroud of Golubria.
Nothing appears to happen.
You block the sixfirhy's attack. The sixfirhy barely misses you.
You block the sixfirhy's attack.
The +1 long sword of holy wrath hits you.
* * * LOW HITPOINT WARNING * * *
You convulse.
* * * LOW HITPOINT WARNING * * *
A vampire comes into view.
The sixfirhy hits you but does no damage.
You gain the combat prowess of a mighty hero.
You block the sixfirhy's attack.
The +1 long sword of holy wrath hits you but does no damage.
The +1 long sword of holy wrath hits you!
* * * LOW HITPOINT WARNING * * *
You convulse.
You die...

##. #.. .. ..
. # #. . ..
#.# #(##. ..
#.@## . #.3#
# # ##.p#
##...#
..###....# #
#
..).....####
.
..##≈≈.V....†
. ####.#.. #
..# .
......#.## .#


You could see a death knight (reflects damage), a sixfirhy, a vampire and a +1
long sword of holy wrath.

Vanquished Creatures
  4 golden dragons (Depths:5)
  the Enchantress (Depths:5)
  2 liches
  A tentacled monstrosity (Swamp:3)
  The ghost of Erghig the Black Sun, an adept DrIE of Kikubaaqudgha (Vaults:3)
  Asterion (Spider:1)
  2 titans (Depths:3)
  4 tentacled starspawn
  5 sphinxes
  A thorn hunter (Swamp:4)
  2 shadow dragons (Depths:4)
  A storm dragon (Depths:5)
  4 tengu reavers
  10 frost giants
  5 fire giants
  A draconian scorcher (Depths:5)
  4 deep elf sorcerers
  2 orc warlords (Vaults:3)
  7 emperor scorpions (Spider:4)
  A draconian knight (Depths:4)
  Louise (D:15)
  4 ghost moths (Spider:4)
  Aizul (Spider:1)
  14 vault wardens
  25 very ugly things
  A cacodemon (Abyss:5)
  4 spriggan defenders
  A draconian shifter (Abyss:2)
  18 ironheart preservers
  8 vampire knights
  A green draconian (Depths:5)
  18 stone giants
  3 entropy weavers
  A deep elf demonologist (Vaults:2)
  A black draconian (Depths:5)
  A red draconian (Depths:5)
  10 deep elf annihilators
  A minotaur (Gauntlet)
  A white draconian (Depths:5)
  2 green deaths
  2 deep elf death magi
  Snorg (D:10)
  11 ettins
  A deep elf high priest (Depths:5)
  9 fire dragons
  2 jiangshi (Depths:5)
  6 yaktaur captains
  13 ice dragons
  Josephine (D:10)
  24 hydras
  11 vault guards
  4 shambling mangroves
  A monstrous demonspawn (Depths:3)
  4 death knights
  13 centaur warriors
  7 great orbs of eyes
  3 spriggan air magi
  5 rakshasas
  A catoblepas (Lair:5)
  9 alligators
  40 two-headed ogres
  2 death yaks (Lair:4)
  A queen ant (Lair:2)
  6 tengu warriors
  2 dancing weapons
  8 deep troll shamans
  2 orc high priests
  16 ogre magi
  4 deep troll earth magi
  4 vampire magi
  7 deep elf knights
  4 spriggan berserkers
  Sonja (D:10)
  3 sun demons (Depths:3)
  2 wretched stars
  3 salamander mystics (Depths:3)
  7 iron trolls
  A shadow wraith (Vaults:2)
  A sixfirhy (Abyss:5)
  5 hell knights
  A skeletal warrior (Vaults:3)
  20 deep trolls
  5 flayed ghosts
  3 glowing orange brains
  15 ironbrand convokers
  9 wizards
  A deep troll (shapeshifter) (Vaults:4)
  9 swamp dragons
  4 unseen horrors
  Pikel (D:8)
  2 infernal demonspawn (Depths:2)
  14 orc knights
  A phantasmal warrior (Vaults:2)
  A lindwurm (shapeshifter) (Vaults:2)
  A mana viper (Depths:1)
  13 orb spiders
  7 deep elf archers
  4 orc sorcerers
  A faun (shapeshifter) (Vaults:2)
  18 wolf spiders
  14 deep elf magi
  A shining eye (shapeshifter) (Vaults:2)
  34 ugly things
  A shining eye (Abyss:2)
  A worldbinder (Abyss:5)
  3 manticores
  A manticore (shapeshifter) (Vaults:2)
  13 salamanders
  12 cyclopes
  5 centaur zombies
  A moth of wrath (Spider:4)
  4 black mambas
  Joseph (D:7)
  An elephant (shapeshifter) (Depths:1)
  3 apocalypse crabs (Abyss:5)
  A rust devil (Depths:2)
  15 vault sentinels
  A molten gargoyle (Lair:6)
  An orange demon (Depths:2)
  Maurice (D:10)
  2 gargoyles
  2 naga magi (Depths:1)
  Psyche (D:8)
  A spiny frog (shapeshifter) (Depths:3)
  20 spiny frogs
  5 spectral swamp worms (Depths:1)
  A kobold demonologist (D:11)
  4 freezing wraiths
  35 yaktaurs
  A rime drake (Lair:6)
  7 komodo dragons
  A yaktaur (shapeshifter) (Vaults:4)
  10 demonic crawlers
  2 tengu conjurers
  2 komodo dragons (shapeshifter)
  An ancient zyme (Abyss:2)
  A jumping spider (shapeshifter) (D:13)
  8 tyrant leeches
  13 trolls
  7 polar bears
  18 jumping spiders
  A wind drake (shapeshifter) (Depths:2)
  A snapping turtle (shapeshifter) (Depths:2)
  A meliai (D:11)
  A tengu simulacrum (Vaults:2)
  A hornet (shapeshifter) (Vaults:3)
  21 hornets
  28 slime creatures
  A raiju (shapeshifter) (Depths:3)
  5 bog bodies
  3 blink frogs (Lair:6)
  5 raiju
  2 small abominations
  13 hippogriffs
  4 large abominations
  A meliai zombie (D:15)
  Sigmund (D:5)
  18 dream sheep
  52 redbacks
  7 shadows
  17 spriggans
  A ynoxinul (Abyss:2)
  4 starcursed masses (Abyss:2)
  A vampire (D:13)
  A spriggan (shapeshifter) (D:13)
  2 water elementals (Depths:3)
  31 yaks
  12 tarantellas
  6 wyverns
  2 basilisks
  9 wraiths
  A neqoxec (D:15)
  7 vampire mosquitoes
  A hog (shapeshifter) (D:13)
  Grum (D:10)
  2 hungry ghosts
  A chaos spawn (Abyss:2)
  Edmund (D:5)
  4 insubstantial wisps (Swamp:4)
  A naga (Depths:1)
  4 wargs
  A swamp worm (shapeshifter) (Depths:2)
  22 soldier ants
  20 swamp worms
  9 water moccasins
  9 porcupines
  2 eyes of draining
  6 swamp drakes
  A sky beast (shapeshifter) (D:15)
  4 sky beasts
  3 ice beasts
  58 ogres
  27 orc warriors
  A phantom (D:9)
  3 black bears (Lair:6)
  2 necrophages
  7 boggarts
  37 centaurs
  19 wolves
  10 crocodiles
  2 big kobolds
  14 bullfrogs
  An earth elemental (Abyss:2)
  A wyvern zombie (D:13)
  A glowing shapeshifter simulacrum (Vaults:3)
  A wyvern skeleton (D:9)
  8 scorpions
  17 killer bees
  9 wights
  3 vampire bats (Lair:5)
  2 electric eels
  8 howler monkeys
  2 bullfrog zombies
  A lava snake (Lair:6)
  9 crimson imps
  4 quasits
  15 orc priests
  12 jellies
  5 bullfrog skeletons
  4 hounds
  2 iron imps
  A gnoll shaman (D:8)
  4 centaur skeletons
  22 orc wizards
  Natasha (twice) (D:3)
  6 iguanas
  36 worker ants
  2 hound zombies
  A hound skeleton (D:11)
  A worker ant zombie (D:7)
  22 gnolls
  2 howler monkey skeletons
  16 adders
  5 shadow imps
  A white imp (Depths:3)
  An ufetubus (Depths:3)
  4 oozes
  An adder skeleton (D:4)
  3 worms
  2 dart slugs
  7 leopard geckos
  79 orcs
  17 bats
  9 giant cockroaches
  6 goblins
  12 hobgoblins
  4 jackals (D:6)
  A jackal (shapeshifter) (Vaults:3)
  25 kobolds
  5 quokkas
  3 frilled lizards
  A leopard gecko skeleton (D:5)
  3 quokka skeletons
  7 rats
  A crawling corpse (Vaults:2)
  A fungus (Lair:5)
  4 starspawn tentacles
1762 creatures vanquished.

Vanquished Creatures (collateral kills)
  Margery (Depths:4)
  2 hell knights (Depths:4)
  A necromancer (Depths:4)
  A spiny frog (Lair:6)
  2 slime creatures (Vaults:3)
  A redback (Spider:1)
  A black bear (Lair:6)
  An orc (Vaults:3)
10 creatures vanquished.

Vanquished Creatures (others)
  A vampire knight (Depths:2)
  A deep elf knight (Vaults:4)
  A swamp dragon (Swamp:4)
  A water moccasin (Lair:6)
  A slime creature (Swamp:4)
  A hippogriff (Lair:6)
  2 redbacks
  2 golden eyes (Abyss:5)
  A vampire mosquito (D:15)
  An insubstantial wisp (Swamp:4)
  2 swamp drakes (Swamp:4)
  3 slaves (D:8)
  A boggart (Vaults:1)
  An ogre (Depths:1)
  A centaur (Vaults:3)
  An eye of draining (Abyss:2)
  A small abomination (Abyss:2)
  A wight (D:8)
  A rat (D:1)
  7 fungi
  18 plants
  11 starspawn tentacles
  A withered plant (Gauntlet)
61 creatures vanquished.

Grand Total: 1833 creatures vanquished

Notes
Turn   | Place    | Note
-------+----------+-------------------------------------------
     0 | D:1      | Chiseanne the Demonspawn Wanderer began the quest for the
                  | Orb.
     0 | D:1      | Chiseanne set off with the following items: a +2 mace, a
                  | potion of lignification, a +0 shortbow, 24 arrows, a +0
                  | robe, a ration
     0 | D:1      | Reached XP level 1. HP: 18/18 MP: 1/1
   480 | D:1      | Gained mutation: You have large cloven feet. [demonic
                  | ancestry]
   480 | D:1      | Reached XP level 2. HP: 24/24 MP: 2/2
   630 | D:1      | Reached skill level 1 in Dodging
   876 | D:1      | Reached skill level 2 in Armour
  1256 | D:2      | Reached XP level 3. HP: 29/29 MP: 3/3
  1720 | D:2      | Found an iron altar of Okawaru.
  2388 | D:2      | Gained mutation: When seriously injured, your bleeding
                  | wounds create armour. (AC +12) [demonic ancestry]
  2388 | D:2      | Reached XP level 4. HP: 37/37 MP: 4/4
  2556 | D:2      | Became a worshipper of Warmaster Okawaru
  2598 | D:3      | Noticed Natasha
  2612 | D:3      | Killed Natasha
  3021 | D:3      | Gained mutation: You have hoof-like feet. [demonic
                  | ancestry]
  3021 | D:3      | Reached XP level 5. HP: 39/42 MP: 5/5
  3055 | D:3      | Reached skill level 3 in Armour
  3331 | D:3      | Noticed Natasha
  3340 | D:3      | Killed Natasha
  3513 | D:3      | Found a sacrificial altar of Ru.
  3513 | D:3      | Found a shimmering blue altar of Sif Muna.
  4114 | D:4      | Found a glowing silver altar of Zin.
  4345 | D:4      | Gained mutation: When hurt, damage is shared between your
                  | health and your magic reserves. [demonic ancestry]
  4345 | D:4      | Reached XP level 6. HP: 21/49 MP: 6/6
  4714 | D:4      | Reached * piety under Okawaru
  4851 | D:4      | Reached skill level 5 in Fighting
  4858 | D:4      | Reached skill level 4 in Armour
  4866 | D:4      | Gained mutation: You sometimes gain a little power by
                  | taking damage. [demonic ancestry]
  4866 | D:4      | Reached XP level 7. HP: 34/56 MP: 5/7
  5218 | D:4      | Found a sparkling altar of Nemelex Xobeh.
  5384 | D:5      | Entered Level 5 of the Dungeon
  5498 | D:5      | Found a snail-covered altar of Cheibriados.
  5665 | D:5      | Found a hide-covered altar of Uskayaw.
  5733 | D:5      | Found an ornate altar of the Wu Jian Council.
  5831 | D:5      | Paralysed by fainting for 12 turns
  6108 | D:5      | Noticed Edmund
  6127 | D:5      | Killed Edmund
  6200 | D:5      | Noticed Sigmund
  6206 | D:5      | Killed Sigmund
  6206 | D:5      | Reached ** piety under Okawaru
  6482 | D:6      | Found a staircase to the Ecumenical Temple.
  6523 | D:6      | Reached skill level 5 in Armour
  6523 | D:6      | Reached XP level 8. HP: 58/64 MP: 8/8
  6705 | D:6      | Reached skill level 5 in Dodging
  6893 | D:6      | Found a shimmering altar of Xom.
  7406 | D:7      | Found an opulent altar of Gozag.
  7633 | D:7      | Noticed Joseph
  7662 | D:7      | Killed Joseph
  7662 | D:7      | Reached *** piety under Okawaru
  7662 | D:7      | Reached skill level 6 in Armour
  7938 | D:7      | Noticed a hippogriff
  7943 | D:7      | Killed a hippogriff
  7943 | D:7      | Gained mutation: You regenerate magic rapidly. [demonic
                  | ancestry]
  7943 | D:7      | Reached XP level 9. HP: 62/72 MP: 7/9
  8062 | D:7      | Reached **** piety under Okawaru
  8062 | D:7      | Received a gift from Okawaru
  8126 | D:7      | Found a shattered altar of Ashenzari.
  8558 | D:8      | Reached skill level 7 in Armour
  8624 | D:8      | Noticed Pikel
  8641 | D:8      | Killed Pikel
  8671 | D:8      | Noticed Psyche
  8692 | D:8      | Killed Psyche
  8887 | D:8      | Reached XP level 10. HP: 75/82 MP: 10/10
  8968 | D:8      | Got an encrusted ring mail
  9029 | D:8      | Identified the +5 ring mail of Kiocosyx {Int+4 Stlth+} (You
                  | found it on level 8 of the Dungeon)
  9179 | D:8      | Reached ***** piety under Okawaru
  9184 | D:8      | Reached skill level 8 in Armour
  9209 | D:8      | Found a sparkling altar of Nemelex Xobeh.
 10082 | D:9      | Found a glowing golden altar of the Shining One.
 10359 | D:9      | Noticed a two-headed ogre
 10376 | D:9      | Killed a two-headed ogre
 10376 | D:9      | Reached skill level 10 in Fighting
 10553 | D:9      | Received a gift from Okawaru
 10628 | D:9      | Found a shadowy altar of Dithmenos.
 10739 | D:9      | Reached skill level 9 in Armour
 10845 | D:9      | Got a jet-studded chain mail
 10856 | D:9      | Identified the cursed +1 chain mail "Wutis" {rCorr Str+8
                  | Dex-2} (You found it on level 9 of the Dungeon)
 10950 | D:9      | Reached skill level 1 in Shields
 11082 | D:9      | Gained mutation: When seriously injured, your bleeding
                  | wounds create thick armour. (AC +12) [demonic ancestry]
 11082 | D:9      | Reached XP level 11. HP: 90/91 MP: 11/11
 11465 | D:10     | Entered Level 10 of the Dungeon
 11474 | D:10     | Found a staircase to the Orcish Mines.
 11477 | D:10     | Noticed Josephine
 11517 | D:10     | Killed Josephine
 11747 | D:10     | Found a staircase to the Lair.
 12048 | D:10     | Killed an unseen horror
 12286 | D:10     | Found Mogiuse's Weapon Shop.
 12335 | D:10     | Found a radiant altar of Vehumet.
 12335 | D:10     | Noticed Snorg
 12512 | D:10     | Noticed Maurice
 12527 | D:10     | Killed Maurice
 12527 | D:10     | Reached skill level 1 in Invocations
 12604 | D:10     | Noticed Sonja
 12604 | D:10     | Noticed Grum
 12662 | D:10     | Killed Grum
 12696 | D:10     | Killed Sonja
 12812 | D:10     | Killed Snorg
 12930 | D:11     | Noticed a purple ugly thing
 12941 | D:11     | Killed a purple ugly thing
 12954 | D:11     | Noticed a death knight
 12957 | D:11     | Reached skill level 10 in Armour
 12976 | D:11     | Killed a death knight
 13005 | D:11     | Noticed a two-headed ogre
 13013 | D:11     | Killed a two-headed ogre
 13023 | D:11     | Reached skill level 5 in Invocations
 13023 | D:11     | Reached XP level 12. HP: 52/100 MP: 7/15
 13144 | D:11     | Identified the Volume of Entrancing Intoxication
 13247 | D:12     | Paralysed by fainting for 12 turns
 13288 | D:12     | Received a gift from Okawaru
 13288 | D:12     | Reached skill level 5 in Shields
 13429 | D:12     | Noticed a four-headed hydra
 13450 | D:12     | Killed a four-headed hydra
 13462 | D:12     | Received a gift from Okawaru
 13465 | D:12     | Got a slimy morningstar {god gift}
 13496 | D:12     | Found a flagged portal.
 13505 | Bailey   | Entered a bailey
 13543 | Bailey   | Identified the +8 morningstar of Defiance {god gift,
                  | antimagic, *Drain Dex+7} (Okawaru gifted it to you on level
                  | 12 of the Dungeon)
 13976 | D:12     | Identified a scroll of acquirement
 13978 | D:12     | Got the +2 pair of boots of Deehyfemez {Regen+ Int+3 Dex+2}
 14048 | D:11     | Noticed a death knight
 14057 | D:11     | Killed a death knight
 14383 | D:11     | Received a gift from Okawaru
 14451 | D:11     | Received a gift from Okawaru
 14684 | D:11     | Noticed a four-headed hydra
 14704 | D:11     | Killed a four-headed hydra
 14704 | D:11     | Reached skill level 11 in Armour
 14932 | D:11     | Found Hougircho's Antique Weapon Emporium.
 15361 | D:13     | Reached XP level 13. HP: 96/106 MP: 17/19
 15540 | D:13     | Received a gift from Okawaru
 15823 | D:13     | Reached ****** piety under Okawaru
 15951 | D:13     | Received a gift from Okawaru
 16058 | D:13     | Identified the Collected Works on Fire and Transmigration
 16450 | D:13     | Received a gift from Okawaru
 16457 | D:13     | Got a fine quick blade {god gift}
 16458 | D:13     | Identified the +2 quick blade of Zuseifi {god gift, freeze,
                  | rElec rPois Str-3 Dex+3} (Okawaru gifted it to you on level
                  | 13 of the Dungeon)
 16711 | D:13     | Reached skill level 5 in Throwing
 16919 | D:14     | Reached skill level 10 in Invocations
 17239 | D:14     | Found a gate to the Vaults.
 17275 | D:14     | Received a gift from Okawaru
 17275 | D:14     | Reached skill level 12 in Armour
 17452 | D:14     | Gained mutation: You have hooves in place of feet. [demonic
                  | ancestry]
 17452 | D:14     | Reached XP level 14. HP: 93/113 MP: 20/22
 17608 | D:14     | Found a shimmering altar of Xom.
 17664 | D:15     | Entered Level 15 of the Dungeon
 17664 | D:15     | Noticed Louise
 17856 | D:15     | Cast into level 2 of the Abyss (Louise)
 17856 | Abyss:2  | Found a corrupted altar of Lugonu.
 17901 | Abyss:2  | Noticed a red draconian shifter
 17928 | Abyss:2  | Killed a red draconian shifter
 17950 | Abyss:2  | Gained mutation: Potions are less effective at restoring
                  | your health. [a shining eye]
 18024 | Abyss:2  | Noticed a starcursed mass
 18305 | Abyss:2  | Noticed a tentacled starspawn
 18322 | Abyss:2  | Killed a tentacled starspawn
 18326 | D:15     | Escaped the Abyss
 18330 | D:15     | Gained mutation: Your spells are a little easier to cast,
                  | but a little less powerful. [a neqoxec]
 18331 | D:15     | Gained mutation: [You are frail. (-10% HP)] [a neqoxec]
 18533 | Orc:1    | Entered Level 1 of the Orcish Mines
 18538 | Orc:1    | Lost mutation: Potions cannot restore your health. [potion
                  | of mutation]
 18538 | Orc:1    | Lost mutation: Your spells are a little easier to cast, but
                  | a little less powerful. [potion of mutation]
 18538 | Orc:1    | Lost mutation: [You are frail. (-10% HP)] [potion of
                  | mutation]
 18538 | Orc:1    | Gained mutation: You expend magic power (3 MP) to
                  | strengthen your wands. [potion of mutation]
 18538 | Orc:1    | Gained mutation: You are resistant to hostile enchantments.
                  | (MR+) [potion of mutation]
 18585 | Orc:1    | Found Sabboam's General Store.
 18594 | Orc:1    | Bought a potion of heal wounds for 70 gold pieces
 18677 | Orc:1    | Found a roughly hewn altar of Beogh.
 18698 | Orc:1    | Upgraded the game from 0.25-a0-1126-g5fd7b56c60 to
                  | 0.25-a0-1136-gc1285e62ab
 19009 | Orc:1    | Received a gift from Okawaru
 19010 | Orc:1    | Got a dazzling battleaxe {god gift}
 19188 | Orc:1    | Identified the +3 battleaxe "Impslayer" {god gift, venom,
                  | rN+ MR- Str+4} (Okawaru gifted it to you on level 1 of the
                  | Orcish Mines)
 19207 | Orc:2    | Entered Level 2 of the Orcish Mines
 19207 | Orc:2    | Found Totuqeat's Book Shoppe.
 19207 | Orc:2    | Found Hakhlyecw's Book Emporium.
 19218 | Orc:2    | Noticed a stone giant
 19302 | Orc:1    | Killed a stone giant
 19573 | Orc:1    | Received a gift from Okawaru
 19658 | Orc:2    | Lost mutation: You expend magic power (3 MP) to strengthen
                  | your wands. [a neqoxec]
 19686 | Orc:2    | Found a staircase to the Elven Halls.
 19688 | Orc:2    | Found Viekihoeph's Food Shop.
 19697 | Orc:2    | Found Amuasow's Armour Shoppe.
 20293 | Lair:1   | Entered Level 1 of the Lair of Beasts
 20342 | Lair:1   | Reached skill level 13 in Armour
 20342 | Lair:1   | Reached skill level 10 in Shields
 20371 | Lair:1   | Upgraded the game from 0.25-a0-1136-gc1285e62ab to
                  | 0.26-a0-6-g448add79b7
 20486 | Lair:1   | Gained mutation: When seriously injured, your bleeding
                  | wounds create very thick armour. (AC +12) [demonic
                  | ancestry]
 20486 | Lair:1   | Reached XP level 15. HP: 72/119 MP: 19/24
 20833 | Lair:2   | Found a gate leading to a gauntlet.
 20936 | Gauntlet | Entered a Gauntlet
 20936 | Gauntlet | Found a transporter.
 20936 | Gauntlet | Found a transporter.
 20940 | Gauntlet | Found a transporter.
 20947 | Gauntlet | Found a transporter.
 20957 | Gauntlet | Found a transporter.
 20966 | Gauntlet | Found a transporter.
 20983 | Gauntlet | Found a transporter.
 20988 | Gauntlet | Found a transporter.
 20988 | Gauntlet | Found a large runed translucent door.
 20989 | Gauntlet | Found a large runed translucent door.
 20991 | Gauntlet | Found a runed translucent gate.
 20995 | Gauntlet | Found a transporter.
 20996 | Gauntlet | Found a transporter.
 21008 | Gauntlet | Found a transporter.
 21010 | Gauntlet | Found a runed translucent gate.
 21010 | Gauntlet | Found a runed translucent gate.
 21012 | Gauntlet | Found a large runed translucent door.
 21012 | Gauntlet | Found a large runed translucent door.
 21013 | Gauntlet | Found a large runed translucent door.
 21013 | Gauntlet | Found a large runed translucent door.
 21013 | Gauntlet | Found a large runed translucent door.
 21014 | Gauntlet | Found a large runed translucent door.
 21023 | Gauntlet | Found a large runed translucent door.
 21023 | Gauntlet | Found a large runed translucent door.
 21023 | Gauntlet | Found a runed translucent door.
 21023 | Gauntlet | Found a runed translucent door.
 21024 | Gauntlet | Found a large runed translucent door.
 21038 | Gauntlet | Found a large runed translucent door.
 21038 | Gauntlet | Found a large runed translucent door.
 21039 | Gauntlet | Found a large runed translucent door.
 21040 | Gauntlet | Found a large runed translucent door.
 21042 | Gauntlet | Found a transporter.
 21103 | Gauntlet | Found a transporter.
 21120 | Gauntlet | Found a transporter.
 21136 | Gauntlet | Found a large runed translucent door.
 21226 | Gauntlet | Found a transporter.
 21242 | Gauntlet | Found a transporter.
 21481 | Gauntlet | Identified the ring "Ladghuph" {rF+ rCorr Dex+2}
 21719 | Lair:2   | Reached skill level 1 in Spellcasting
 21938 | Lair:2   | Received a gift from Okawaru
 22044 | Lair:2   | Found a hole to the Spider Nest.
 22237 | Lair:3   | Learned a level 1 spell: Apportation
 22766 | Lair:4   | Received a gift from Okawaru
 22766 | Lair:4   | Reached skill level 1 in Translocations
 22773 | Lair:4   | Got a bloodstained ring mail
 23243 | Lair:4   | Learned a level 2 spell: Blink
 23529 | Lair:4   | Found a staircase to the Swamp.
 23721 | Lair:5   | Found a staircase to the Slime Pits.
 24144 | Lair:5   | Received a gift from Okawaru
 24173 | Lair:6   | Entered Level 6 of the Lair of Beasts
 24407 | Lair:6   | Received a gift from Okawaru
 24623 | Lair:6   | Received a gift from Okawaru
 24919 | Lair:6   | Received a gift from Okawaru
 25138 | Lair:6   | Identified the +3 ring mail of Words of Power {SInv} (You
                  | found it on level 4 of the Lair of Beasts)
 25273 | Lair:5   | Reached skill level 15 in Fighting
 25378 | Lair:6   | Gained mutation: When low on magic, you restore magic in
                  | place of health. [demonic ancestry]
 25378 | Lair:6   | Reached XP level 16. HP: 115/136 MP: 21/25
 25671 | Spider:1 | Entered Level 1 of the Spider Nest
 25972 | Spider:1 | Noticed Asterion
 25999 | Spider:1 | Killed Asterion
 26021 | Spider:1 | Noticed Aizul
 26201 | Spider:1 | Killed Aizul
 26770 | Spider:2 | Received a gift from Okawaru
 26966 | Spider:3 | Got a shimmering wooden ring
 27016 | Spider:3 | Identified the ring "Lezisur" {rN+ Int+3 Dex+2} (You found
                  | it on level 3 of the Spider Nest)
 27024 | Spider:4 | Entered Level 4 of the Spider Nest
 27074 | Spider:4 | Received a gift from Okawaru
 27888 | Spider:4 | Reached skill level 5 in Spellcasting
 28015 | Spider:4 | Received a gift from Okawaru
 28055 | Spider:4 | Reached skill level 14 in Armour
 28462 | Spider:4 | Reached skill level 5 in Translocations
 28548 | Spider:4 | Got a gossamer rune of Zot
 28595 | Spider:4 | Gained mutation: You sometimes gain power by taking damage.
                  | [demonic ancestry]
 28595 | Spider:4 | Reached XP level 17. HP: 46/147 MP: 16/26
 28989 | Swamp:1  | Entered Level 1 of the Swamp
 29351 | Swamp:3  | Noticed a tentacled monstrosity
 29370 | Swamp:3  | Killed a tentacled monstrosity
 29402 | Swamp:3  | Received a gift from Okawaru
 29521 | Swamp:4  | Entered Level 4 of the Swamp
 29524 | Swamp:4  | Noticed Roxanne
 29574 | Swamp:4  | Received a gift from Okawaru
 30211 | Swamp:4  | Received a gift from Okawaru
 30319 | Swamp:4  | Got a decaying rune of Zot
 30628 | Swamp:2  | Received a gift from Okawaru
 31319 | Vaults:1 | Entered Level 1 of the Vaults
 31431 | Vaults:1 | Found the +10 Black Knight's horse barding {ponderous,
                  | rPois rN+}
 31588 | Vaults:1 | Learned a level 3 spell: Lesser Beckoning
 31591 | Vaults:1 | Learned a level 2 spell: Shroud of Golubria
 31596 | Vaults:1 | Learned a level 4 spell: Passage of Golubria
 31988 | Vaults:1 | Received a gift from Okawaru
 31990 | Vaults:1 | Reached skill level 15 in Armour
 32025 | Vaults:1 | Reached XP level 18. HP: 80/155 MP: 27/30
 32337 | Vaults:1 | Received a gift from Okawaru
 32340 | Vaults:1 | Got a polished demon blade {god gift}
 32341 | Vaults:1 | Identified the +0 demon blade of the King {god gift, pain,
                  | rF+ rC- MR+ Str+3} (Okawaru gifted it to you on level 1 of
                  | the Vaults)
 32614 | Vaults:1 | Found Wodudele's Armour Boutique.
 33116 | Vaults:2 | Found a huge runed gate.
 33116 | Vaults:2 | Found a huge runed gate.
 33116 | Vaults:2 | Found a huge runed gate.
 33116 | Vaults:2 | Found a huge runed gate.
 33117 | Vaults:2 | Found a huge runed gate.
 33117 | Vaults:2 | Found a huge runed gate.
 33117 | Vaults:2 | Found a huge runed gate.
 33117 | Vaults:2 | Found a huge runed gate.
 33117 | Vaults:2 | Found a huge runed gate.
 33117 | Vaults:2 | Found a huge runed gate.
 33121 | Vaults:2 | Found a huge runed gate.
 33121 | Vaults:2 | Found a huge runed gate.
 33121 | Vaults:2 | Found a huge runed gate.
 33121 | Vaults:2 | Found a huge runed gate.
 33121 | Vaults:2 | Found a huge runed gate.
 33296 | Vaults:2 | Received a gift from Okawaru
 33319 | Vaults:2 | Found a huge runed gate.
 33335 | Vaults:2 | Noticed a Brimstone Fiend
 33686 | Vaults:2 | Reached skill level 1 in Charms
 34136 | Vaults:2 | Found a huge runed gate.
 34137 | Vaults:2 | Found a huge runed gate.
 34138 | Vaults:2 | Found a huge runed gate.
 34146 | Vaults:2 | Found a huge runed gate.
 34146 | Vaults:2 | Found a huge runed gate.
 34146 | Vaults:2 | Found a huge runed gate.
 34146 | Vaults:2 | Found a huge runed gate.
 34146 | Vaults:2 | Found a huge runed gate.
 34146 | Vaults:2 | Found a huge runed gate.
 34146 | Vaults:2 | Found a huge runed gate.
 34405 | Vaults:2 | Received a gift from Okawaru
 34487 | Vaults:2 | Reached skill level 10 in Dodging
 35442 | Vaults:2 | Found a huge runed gate.
 35443 | Vaults:2 | Found a huge runed gate.
 35451 | Vaults:2 | Found a huge runed gate.
 35451 | Vaults:2 | Found a huge runed gate.
 35451 | Vaults:2 | Found a huge runed gate.
 35451 | Vaults:2 | Found a huge runed gate.
 35451 | Vaults:2 | Found a huge runed gate.
 35451 | Vaults:2 | Found a huge runed gate.
 35451 | Vaults:2 | Found a huge runed gate.
 35452 | Vaults:2 | Found a huge runed gate.
 35520 | Vaults:2 | Gained mutation: Your flesh is heat resistant. (rF+)
                  | [demonic ancestry]
 35520 | Vaults:2 | Reached XP level 19. HP: 136/161 MP: 27/31
 35651 | Vaults:2 | Identified the +9 hunting sling of the Three Nights
                  | {vorpal, *Drain MR++ Dex+6} (You found it on level 2 of the
                  | Vaults)
 35655 | Vaults:2 | Got a scorched short sword
 35656 | Vaults:2 | Identified the +4 short sword of Annihilation {vorpal,
                  | Int+9 Dex-2} (You found it on level 2 of the Vaults)
 35869 | Vaults:3 | Reached skill level 16 in Armour
 36412 | Vaults:3 | Reached skill level 5 in Charms
 36444 | Vaults:3 | Received a gift from Okawaru
 36714 | Vaults:3 | Found a staircase to the Crypt.
 36714 | Vaults:3 | Found an ancient bone altar of Kikubaaqudgha.
 36732 | Vaults:3 | Found a basalt altar of Yredelemnul.
 36786 | Vaults:3 | Reached skill level 10 in Translocations
 36832 | Vaults:3 | Found a runed translucent gate.
 36862 | Vaults:3 | Identified the +6 chain mail "Wadutz" {rC++ Str-4 Int+2}
 36967 | Vaults:3 | Found a runed translucent gate.
 36968 | Vaults:3 | Found a runed translucent gate.
 36970 | Vaults:3 | Found a roughly hewn altar of Beogh.
 36970 | Vaults:3 | Noticed Erghig's ghost (adept DrIE)
 37076 | Vaults:3 | Killed Erghig's ghost
 37177 | Vaults:3 | Got a coiled steel ring
 37184 | Vaults:3 | Got an encrusted scimitar
 37187 | Vaults:3 | Identified the +9 scimitar "Grim" {freeze, Fragile rElec
                  | rF+} (You found it on level 3 of the Vaults)
 37191 | Vaults:3 | Identified the ring "Xoitych" {Ice +Inv Slay+3} (You found
                  | it on level 3 of the Vaults)
 38844 | Vaults:4 | Reached XP level 20. HP: 135/168 MP: 30/32
 39693 | Vaults:4 | Received a gift from Okawaru
 41036 | D:15     | Gained mutation: You do not regenerate when monsters are
                  | visible. [a neqoxec]
 41042 | D:15     | Killed Louise
 41414 | D:15     | Found a staircase to the Depths.
 41609 | Depths:1 | Entered Level 1 of the Depths
 41626 | Depths:1 | Received a gift from Okawaru
 41876 | Depths:1 | Reached skill level 15 in Shields
 42411 | Depths:1 | Found a corrupted altar of Lugonu.
 42412 | Depths:1 | Found a one-way gate to the infinite horrors of the Abyss.
 42453 | Depths:1 | Found Qutej's Serpentskin Sales.
 42477 | Depths:1 | Bought 2 curare-tipped darts for 25 gold pieces
 42560 | Depths:1 | Reached skill level 17 in Armour
 42560 | Depths:1 | Received a gift from Okawaru
 42661 | Depths:1 | Found a gateway to Hell.
 43126 | Depths:2 | Received a gift from Okawaru
 43743 | Depths:2 | Reached XP level 21. HP: 135/174 MP: 30/34
 44084 | Depths:2 | Received a gift from Okawaru
 44100 | Depths:2 | Reached skill level 10 in Spellcasting
 44436 | Depths:2 | Got Sif Muna's Grimoire of Shifting Conjuration
 44572 | Depths:2 | Learned a level 7 spell: Spellforged Servitor
 44789 | Depths:2 | Reached skill level 1 in Conjurations
 44789 | Depths:2 | Reached skill level 1 in Summonings
 44808 | Depths:2 | Found a runed translucent gate.
 44809 | Depths:2 | Found a runed translucent gate.
 44810 | Depths:2 | Found a runed translucent gate.
 44817 | Depths:2 | You fall into a shaft and drop 1 floor!
 44858 | Depths:2 | Found a gateway to a ziggurat.
 44858 | Depths:2 | Noticed an ancient lich
 45089 | Depths:2 | Found a viscous altar of Jiyva.
 45089 | Depths:2 | Noticed Acwon's ghost (legendary TrMo)
 45215 | Depths:2 | Found the +12 Vampire's Tooth {vamp}
 45849 | Depths:2 | Found a one-way gate leading to the halls of Pandemonium.
 46261 | Depths:3 | Identified the cursed +1 rapier of Valuable Assets {vorpal,
                  | rF+ Dex+4}
 46542 | Depths:3 | You fall into a shaft and drop 2 floors!
 46542 | Depths:5 | Entered Level 5 of the Depths
 46542 | Depths:5 | Noticed the Enchantress
 46633 | Depths:5 | HP: 7/174 [something/vampiric draining (5)]
 47150 | Depths:5 | Received a gift from Okawaru
 47190 | Depths:5 | Killed the Enchantress
 48492 | Depths:4 | Received a gift from Okawaru
 48534 | Depths:4 | Identified Sif Muna's Further Progress in Spellcraft
 48750 | Depths:4 | Noticed Margery
 49761 | Depths:3 | You fall into a shaft and drop 1 floor!
 49816 | Depths:4 | Killed Margery
 49816 | Depths:4 | Reached skill level 5 in Summonings
 49827 | Depths:4 | Reached skill level 5 in Conjurations
 50577 | Depths:3 | Received a gift from Okawaru
 50594 | Depths:3 | Reached XP level 22. HP: 71/182 MP: 24/36
 51782 | Depths:3 | HP: 9/182 [poisoned by a salamander]
 51802 | Depths:3 | HP: 9/182 [hell knight/+5 halberd of flaming (2)]
 51827 | Depths:3 | HP: 4/182 [salamander/cursed -3 trident (5)]
 51829 | Depths:3 | HP: 1/182 [salamander/cursed -3 trident (1)]
 52397 | Depths:3 | Received a gift from Okawaru
 52400 | Depths:3 | Got a steaming mace {god gift}
 52402 | Depths:3 | Identified the +7 mace of Reaf {god gift, freeze, +Inv
                  | Stlth+} (Okawaru gifted it to you on level 3 of the Depths)
 52694 | Depths:3 | Got Sif Muna's Catalogue of Warped Creation
 52704 | Depths:3 | Learned a level 8 spell: Controlled Blink
 52949 | Depths:3 | Identified the Disquisition on Lethal Darkness
 52954 | Depths:3 | Learned a level 1 spell: Summon Butterflies
 52960 | Depths:3 | Learned a level 5 spell: Summon Forest
 53220 | Depths:4 | Reached skill level 1 in Evocations
 53590 | Depths:4 | Got a transparent ring mail
 53591 | Depths:4 | Identified the +2 ring mail of Lies {Int+3} (You found it
                  | on level 4 of the Depths)
 53878 | Depths:5 | Reached skill level 5 in Evocations
 54605 | Depths:5 | Noticed a golden dragon
 54616 | Depths:5 | Killed a golden dragon
 54616 | Depths:5 | Received a gift from Okawaru
 54765 | Depths:5 | Noticed a golden dragon
 54813 | Depths:5 | Killed a golden dragon
 55841 | Depths:5 | Noticed a golden dragon
 55881 | Depths:5 | Killed a golden dragon
 56022 | Depths:5 | Noticed a golden dragon
 56437 | Depths:5 | Killed a golden dragon
 56724 | Depths:5 | Found a gate to the Realm of Zot.
 56943 | Depths:2 | Cast into level 5 of the Abyss (an ancient lich)
 56943 | Abyss:5  | Entered Level 5 of the Abyss
 56943 | Abyss:5  | Found a corrupted altar of Lugonu.
 57041 | Abyss:5  | Reached skill level 18 in Armour
 57137 | Abyss:5  | Received a gift from Okawaru
 57232 | Abyss:5  | HP: 6/127 [+1 long sword of holy wrath (2)]
 57233 | Abyss:5  | HP: 1/127 [+1 long sword of holy wrath (3)]
 57233 | Abyss:5  | Slain by a +1 long sword of holy wrath

Illustrated notes

Levels and vault maps discovered:
D:1:      minmay_arrival_diagonal_passages, layout_loops_corners,
          minmay_tromino_i4
D:2:      minmay_door_path, layout_loops_ring, nicolae_overflow_crystal_walls,
          corexii_item_surrounded_by_moat, kennysheep_generic_room_2
D:3:      layout_basic, gammafunk_temple_overflow_wave, first_ration,
          uniq_natasha
D:4:      layout_cave_pods, nemelex_xobeh_ov_fountains_minmay,
          nicolae_overflow_hidden_temple
D:5:      layout_loops_corners, kennysheep_little_box,
          lemuel_coloured_pillars_altar, lemuel_round_altar,
          sigmund_edmund_badplayer
D:6:      layout_basic, kennysheep_mini, minmay_temple_entry_ruins
D:7:      layout_basic, evilmike_ruin_ashenzari, grunt_gozag_breadcrumbs,
          uniq_joseph
D:8:      cheibrodos_barr_body, layout_gridville, nemelex_dance_club_becter,
          uniq_pikel, uniq_psyche
D:9:      minmay_bubble_buster, layout_cave_pods,
          nicolae_dithmenos_shadow_blocks, overflow_temple_1_default
D:10:     layout_loops_ring, david_lair_shrubbed, david_orc_2, serial_shops,
          shop, blue_anna_alchemist [blue_anna_fruit_fields,
          blue_anna_fruit_fields], grunt_decor_cap, st_stairs_5,
          lemuel_tele_altar, uniq_grum, uniq_josephine, uniq_snorg,
          uniq_maurice, uniq_sonja
D:11:     minmay_the_grid_octo_2x2 [minmay_the_grid_octo_focus,
          minmay_the_grid_octo_toaster, minmay_the_grid_octo_horde,
          minmay_the_grid_octo_prize_ultimate_mussel_roller], layout_gridville,
          serial_shops, shop
D:12:     layout_rooms, enter_bailey_2
D:13:     layout_gridville, serial_rivers, chequers_serial_rivers_small_a,
          chequers_serial_rivers_small_b, chequers_serial_rivers_micro_a,
          chequers_serial_rivers_marsh, chequers_serial_rivers_micro_c,
          chequers_serial_rivers_micro_c, minmay_bent
D:14:     layout_cave_pools, erik_vaults_2, chequers_decorated_corner,
          kennysheep_another_room, tgw_xom
D:15:     grunt_enter_depths_magical_seal, layout_loops_ring,
          nicolae_twisting_strands, uniq_louise, uniq_rupert
Lair:1:   layout_cave_shapes
Lair:2:   layout_cave_pods, nicolae_spider_entry_non_spiders,
          gauntlet_entry_generic, chequers_serial_rivers_small_3, minivault_29
Lair:3:   layout_regular_city, minmay_lair_oklob_chamber
Lair:4:   layout_concentric_octagons, palyth_hydra_swamp_entry,
          beast_lair_carwin_5, infiniplex_staircase_pool_2, lemuel_fruit_fields
Lair:5:   layout_gridlike, nicolae_slime_entry_slimehenge, roderic_batcave
Lair:6:   minmay_lair_end_enchanted_forest, layout_gridlike,
          lemuel_fruit_fields, infiniplex_staircase_pool
Swamp:1:  layout_basic_swamp, evilmike_swamp_ruin_wall, swamp_pool3
Swamp:2:  layout_basic_swamp, evilmike_swamp_ruin_house_4, swamp_pool4
Swamp:3:  layout_falls_marsh, serial_swamp_ruin, hangedman_swamp_ruin_hall,
          evilmike_swamp_ruin_house_5, evilmike_swamp_ruin_rubble_2, swamp_pool2
Swamp:4:  swamp, layout_basic_swamp, uniq_roxanne
Spider:1: layout_spider_delve, uniq_aizul, uniq_asterion
Spider:2: layout_spider_delve, hangedman_spider_trapstep,
          hangedman_spider_tarantella_strand
Spider:3: layout_spider_delve
Spider:4: grunt_spider_rune_circles
Orc:1:    layout_caves, serial_shops, shop, minmay_orc_temple_a
Orc:2:    st_orc_open, layout_caves
Vaults:1: ontoclasm_vaults_twist, ontoclasm_vaults_spin,
          vaults_mumra_minichess_inversion, vaults_room_door_ring,
          hangedman_vaults_capsules, v_misc_17, ontoclasm_vaults_claustrophobia,
          vaults_room_pools, nicolae_vaults_alarming,
          nicolae_vaults_little_squares_6, layout_vaults_omnigrid, serial_shops,
          shop
Vaults:2: grunt_vaults_trifunnel, vaults_door_vault,
          ontoclasm_vaults_ring_square, nicolae_vaults_stairing_the_circle,
          v_rooms_6, hangedman_vaults_hat, vaults_dpeg_spiral,
          hangedman_vaults_pinch, vaults_room_semicircle,
          nicolae_vaults_bisected_slash, ontoclasm_vaults_loading_screen,
          ontoclasm_vaults_chip, vaults_room_semicircle,
          nicolae_vaults_little_squares_6, layout_vaults_omnibox
Vaults:3: biasface_vaults_ghost_orc_armoury, v_rooms_3,
          minmay_crypt_entry_necro_gods, hangedman_vaults_river_flow,
          vaults_standard_mumra_x, v_misc_10, nicolae_vaults_big_ls,
          vaults_dpeg_diagonal, nicolae_vaults_little_ls,
          nicolae_vaults_little_squares_2, vaults_dpeg_hooks,
          nicolae_vaults_mini_display_case, layout_vaults_big_cross
Vaults:4: nicolae_vaults_minivaults, v_rooms_5, dpeg_vaults_monster_box,
          nicolae_vaults_little_squares_5, layout_vaults_chaotic_city
Depths:1: layout_big_octagon, abyss_entry_flame_altar, serial_glass,
          glass_columns_c, glass_columns_c, glass_columns_a, glass_columns_b,
          glass_columns_a, glass_columns_b, glass_columns_a, glass_columns_a,
          glass_columns_b, glass_columns_a, glass_columns_a, glass_columns_a,
          glass_columns_a, glass_columns_a, pf_hell_entry_tar_river,
          guppyfry_shop_venom
Depths:2: minmay_stepped, layout_cave_pools, enter_ziggurat_d, kennysheep_nub,
          gammafunk_ghost_ooze, rand_demon_pan_entry_9, hell_entry,
          minmay_guarded_unrand_vampires_tooth
Depths:3: evilmike_lava_path, layout_gridlike, abyss_entry,
          serial_sigils_hangedman_stare, grunt_pan_entry_zigzag, hell_entry,
          serial_bayou_pond_e
Depths:4: minmay_sliced_demisemicircle, layout_basic, minmay_misc_feat_tower,
          pf_hell_entry_great_geh, hangedman_abyss_entry_splay,
          infiniplex_staircase_zigzag_1, uniq_margery
Depths:5: evilmike_zot_entry_hall, layout_cave_pools, hell_entry,
          minmay_misc_feat_doors, minmay_misc_feat_rows, grunt_ministairs_6,
          st_stairs_13, grunt_decor_arrowhead, uniq_enchantress
Abyss:5:  base: Spider:2, hangedman_shadowy_showcase, hangedman_eye_storm,
          evilmike_abyss_rune_siren_acolytes, evilmike_abyss_exit_13,
          evilmike_abyss_rune_tso_outpost

Skill      XL: |  1  2  3  4  5  6  7  8  9 10 11 12 13 14 15 16 17 18 19 20 21 22 |
---------------+-------------------------------------------------------------------+-----
Dodging        | 1 2 3 4 6 7 9 10 11 12 13 | 13.5
Armour         | 2 3 4 5 6 7 9 10 11 12 13 14 15 16 17 18 | 18.2
Fighting       | 4 5 6 7 8 10 11 15 17 | 17.2
Shields        | 1 4 6 8 10 11 12 13 14 15 16 | 16.2
Invocations    | 5 8 11 13 | 13.2
Throwing       | 3 6 8 |  8.6
Spellcasting   | 3 5 8 9 10 | 10.0
Translocations | 2 5 7 9 10 | 10.8
Charms         | 3 6 8 |  8.6
Conjurations   | 5 6 |  6.3
Summonings     | 5 6 |  6.3
Evocations     | 9 |  9.4
Maces & Flails | |  1.7
Bows           | |  1.0
Stealth        | |  1.0

Action                   |  1- 3 |  4- 6 |  7- 9 | 10-12 | 13-15 | 16-18 | 19-21 | 22-24 || total
-------------------------+-------+-------+-------+-------+-------+-------+-------+-------++-------
Melee: Mace              |    89 |   160 |    26 |       |       |       |       |       ||   275
       Kick              |    14 |    38 |    78 |   280 |   601 |   816 |  1115 |   319 ||  3261
       Flail             |       |       |   156 |   355 |   256 |     1 |       |       ||   768
       Trident           |       |       |    88 |   840 |  1732 |  1975 |  1889 |   309 ||  6833
       Broad axe         |       |       |       |       |    51 |    37 |   400 |   294 ||   782
Throw: Dart              |       |       |    47 |    19 |     2 |       |       |       ||    68
       Stone             |       |       |     3 |       |       |       |       |       ||     3
       Javelin           |       |       |       |    16 |    13 |   137 |    36 |     4 ||   206
       Boomerang         |       |       |       |       |    17 |       |       |       ||    17
 Cast: Apportation       |       |       |       |       |       |     1 |     1 |     3 ||     5
       Passage of Golubr |       |       |       |       |       |       |    10 |     3 ||    13
       Shroud of Golubri |       |       |       |       |       |       |    42 |    13 ||    55
       Lesser Beckoning  |       |       |       |       |       |       |    21 |    15 ||    36
       Blink             |       |       |       |       |       |       |     1 |     3 ||     4
Invok: Heroism           |       |       |       |     4 |    24 |    43 |    72 |    25 ||   168
       Finesse           |       |       |       |       |     5 |    26 |    22 |       ||    53
Evoke: Wand              |       |     5 |     8 |    34 |    33 |    18 |    11 |     2 ||   111
       Phantom mirror    |       |       |       |     1 |       |       |       |       ||     1
       Lightning rod     |       |       |       |       |     2 |    16 |    17 |       ||    35
       Box of beasts     |       |       |       |       |     1 |     4 |     2 |       ||     7
       Phial of floods   |       |       |       |       |       |     2 |     1 |       ||     3
  Use: Potion            |     1 |       |     2 |     8 |     2 |    15 |    13 |     4 ||    45
       Scroll            |     4 |     4 |     5 |    21 |    19 |    16 |    20 |     7 ||    96
 Stab: Paralysed         |       |       |       |    19 |       |     3 |       |     2 ||    24
       Petrified         |       |       |       |       |       |       |       |     3 ||     3
       Petrifying        |       |       |       |       |       |       |       |     2 ||     2
       Distracted        |       |       |       |       |       |       |       |     1 ||     1
  Eat: Chunk             |     5 |     8 |     9 |    27 |    35 |    19 |    35 |    10 ||   148
       Ration            |       |       |     1 |     2 |     1 |     5 |     6 |     5 ||    20
Armor: Robe              |    15 |       |       |       |       |       |       |       ||    15
       Chain mail        |    53 |   125 |   219 |   892 |  1365 |  1347 |   816 |   197 ||  5014
       Skin              |     1 |       |       |       |       |       |       |     2 ||     3
       Gold dragon scale |       |       |       |       |       |       |       |   104 ||   104
Dodge: Dodged            |    54 |    58 |   117 |   816 |  1450 |  1705 |  1316 |   375 ||  5891
Block: Kite shield       |       |       |       |   716 |  2007 |  2346 |  2543 |   703 ||  8315
       Reflection        |       |       |       |       |       |       |    22 |     6 ||    28

Table legend:
 A = Non-vault XP
 B = Vault XP
 C = Vault XP percentage of total XP
 D = Non-vault monster count
 E = Vault monster count
 F = Vault count percentage of total count
                 A         B        C        D         E       F
            +---------+---------+-------+---------+---------+-------
      Total |  479743 |  346711 |  42.0 |    1148 |     627 |  35.3
            +---------+---------+-------+---------+---------+-------
        D:1 |      23 |       5 |  17.9 |      15 |       2 |  11.8
        D:2 |      56 |      16 |  22.2 |      17 |       3 |  15.0
        D:3 |     164 |      35 |  17.6 |      22 |       1 |   4.3
        D:4 |     500 |       0 |   0.0 |      22 |       0 |   0.0
        D:5 |       4 |     407 |  99.0 |       3 |       2 |  40.0
        D:6 |     639 |       0 |   0.0 |      30 |       0 |   0.0
        D:7 |    1565 |     455 |  22.5 |      26 |       1 |   3.7
        D:8 |    1696 |    2061 |  54.9 |      25 |      18 |  41.9
        D:9 |    2733 |    1340 |  32.9 |      43 |      14 |  24.6
       D:10 |    1082 |    5395 |  83.3 |       6 |      23 |  79.3
       D:11 |    3617 |    7345 |  67.0 |      36 |      27 |  42.9
       D:12 |    6432 |     588 |   8.4 |      31 |       1 |   3.1
       D:13 |   10773 |    1854 |  14.7 |      50 |       7 |  12.3
       D:14 |    9527 |    7912 |  45.4 |      27 |       8 |  22.9
       D:15 |    5537 |    7283 |  56.8 |      21 |      11 |  34.4
     Lair:1 |    5528 |       0 |   0.0 |      25 |       0 |   0.0
     Lair:2 |    4794 |    5152 |  51.8 |      13 |      46 |  78.0
     Lair:3 |    2678 |     686 |  20.4 |      13 |       4 |  23.5
     Lair:4 |    6697 |    6160 |  47.9 |      19 |      14 |  42.4
     Lair:5 |    7042 |     359 |   4.9 |      21 |      13 |  38.2
     Lair:6 |    9738 |    7953 |  45.0 |      32 |      42 |  56.8
    Swamp:1 |    6370 |       0 |   0.0 |      20 |       0 |   0.0
    Swamp:2 |    4328 |       0 |   0.0 |       9 |       0 |   0.0
    Swamp:3 |   12258 |       0 |   0.0 |      24 |       0 |   0.0
    Swamp:4 |    9066 |   17635 |  66.0 |      25 |      24 |  49.0
   Spider:1 |   11364 |    3544 |  23.8 |      31 |       2 |   6.1
   Spider:2 |    4907 |       0 |   0.0 |      15 |       0 |   0.0
   Spider:3 |    5748 |       0 |   0.0 |      19 |       0 |   0.0
   Spider:4 |   15372 |   22273 |  59.2 |      30 |      35 |  53.8
      Orc:1 |    5336 |    8204 |  60.6 |      28 |      27 |  49.1
      Orc:2 |    2717 |    7639 |  73.8 |      20 |      17 |  45.9
   Vaults:1 |    6811 |   14959 |  68.7 |      15 |      20 |  57.1
   Vaults:2 |   55224 |   40609 |  42.4 |      70 |      49 |  41.2
   Vaults:3 |   40715 |   31442 |  43.6 |      71 |      46 |  39.3
   Vaults:4 |   26676 |   23937 |  47.3 |      36 |      24 |  40.0
   Depths:1 |   35167 |    3509 |   9.1 |      46 |       9 |  16.4
   Depths:2 |   37925 |   21903 |  36.6 |      47 |      21 |  30.9
   Depths:3 |   27799 |   31220 |  52.9 |      41 |      31 |  43.1
   Depths:4 |   38161 |   22150 |  36.7 |      42 |      16 |  27.6
   Depths:5 |   30438 |   38476 |  55.8 |      27 |      26 |  49.1
    Abyss:2 |    8160 |       0 |   0.0 |      17 |       0 |   0.0
    Abyss:5 |   14376 |     904 |   5.9 |      18 |       1 |   5.3
     Bailey |       0 |     875 | 100.0 |       0 |      34 | 100.0
   Gauntlet |       0 |    2426 | 100.0 |       0 |       8 | 100.0
            +---------+---------+-------+---------+---------+-------
